 Dungeon Crawl Stone Soup version 0.21.1-1-g345015f (webtiles) character file.

30 shakethe the Chopper (level 3, -1/28 HPs)
             Began as a Demonspawn Gladiator on Feb 24, 2018.
             Slain by a kobold
             ... wielding a +0 whip
              (2 damage)
             ... on level 1 of the Dungeon.
             The game lasted 00:01:04 (965 turns).

shakethe the Chopper (Demonspawn Gladiator)          Turns: 965, Time: 00:01:05

Health: -1/28      AC:  5    Str: 14    XL:     3   Next: 3%
Magic:  3/3        EV: 12    Int: 10    God:
Gold:   13         SH:  0    Dex: 14    Spells: 2/2 levels left

rFire    . . .     SeeInvis .   a - +0 war axe
rCold    . . .     Gourm    .   (no shield)
rNeg     . . .     Faith    .   b - +0 leather armour
rPois    .         Spirit   .   (helmet restricted)
rElec    .         Reflect  .   (no cloak)
rCorr    .         Harm     .   (no gloves)
MR       .....                  (no boots)
Stlth    +.........             (no amulet)
HPRegen  0.09/turn              (no ring)
MPRegen  0.08/turn              (no ring)

@: no status effects
A: horns 1, molten scales 1
a: no special abilities


You were on level 1 of the Dungeon.
You were not hungry.

You visited 1 branch of the dungeon, and saw 2 of its levels.

You collected 13 gold pieces.

Inventory:

Hand Weapons
 a - a +0 war axe (weapon)
Missiles
 d - 3 throwing nets {=f, !d}
Armour
 b - a +0 leather armour (worn)
 c - a +0 helmet
Scrolls
 e - a scroll of enchant armour {unknown}
 g - a scroll of immolation {unknown}
 h - a scroll of blinking {unknown}
Comestibles
 f - 2 rations


   Skills:
 + Level 2.9 Fighting
 + Level 3.3 Axes
 - Level 1.7 Throwing
 - Level 2.6 Dodging


You had 2 spell levels left.
You didn't know any spells.

Dungeon Overview and Level Annotations

Branches:
Dungeon (2/15)

Altars:


Innate Abilities, Weirdness & Mutations

You have a pair of small horns on your head.
You are partially covered in molten scales. (AC +2)


Message History

A kobold comes into view. It is wielding a dagger.
The kobold shouts!
The kobold throws a stone.
The stone misses you.
You see here a stone.
The kobold throws a stone.
The stone closely misses you.
Things that are here:
a stone; 10 gold pieces The kobold throws a stone.
The stone hits you but does no damage.
The kobold throws a stone.
The stone barely misses you. The kobold hits you with a dagger.
You hit the kobold. The kobold hits you but does no damage.
You hit the kobold.
You kill the kobold!
No target in view!
No target in view!
No target in view!
No target in view!
No target in view!
No target in view!
No target in view!
No target in view!
No target in view!
No target in view!
No target in view!
No target in view!
No target in view!
No target in view!
No target in view!
No target in view!
No target in view!
No target in view!
You now have 13 gold pieces (gained 10).
You see here 2 stones.
No target in view!
No target in view!
No target in view!
No target in view!
No target in view!
No target in view!
A kobold comes into view. It is wielding a whip.
The kobold shouts!
The kobold throws a stone.
The stone hits you.
A hobgoblin comes into view.
You see here a stone.
A leopard gecko comes into view.
A goblin and a dart slug come into view.
The kobold throws a stone.
The stone misses you.
The hobgoblin shouts!
You hear a shout!
The kobold hits you with a whip.
You hear a shout!
A kobold comes into view. It is wielding a whip.
You closely miss the kobold. The kobold hits you but does no damage.
The goblin hits you with a club. The kobold hits you with a whip.
You are too injured to fight recklessly!
You are too injured to fight recklessly!
You are too injured to fight recklessly!
You are too injured to fight recklessly!
You are too injured to fight recklessly!
You are too injured to fight recklessly!
You are too injured to fight recklessly!
You are too injured to fight recklessly!
You are too injured to fight recklessly!
You are too injured to fight recklessly!
You take 13 damage, and have 8/23 hp.
MASSIVE DAMAGE!!
The kobold throws a stone.
The stone barely misses you.
The kobold throws a stone.
The stone hits you.
* * * LOW HITPOINT WARNING * * *
You see here a stone.
You take 2 damage, and have 6/23 hp.
The kobold throws a stone.
The stone closely misses you. The hobgoblin misses you.
You hit the hobgoblin.
You kill the hobgoblin!
You closely miss the leopard gecko. The leopard gecko closely misses you.
The leopard gecko hisses menacingly.
The leopard gecko barely misses you.
You miss the leopard gecko. You headbutt the leopard gecko.
The leopard gecko bites you.
* * * LOW HITPOINT WARNING * * *
You take 2 damage, and have 5/23 hp.
You slash the leopard gecko!
You kill the leopard gecko!
You have reached level 3!
Your experience leads to an increase in your attributes!
Increase (S)trength, (I)ntelligence, or (D)exterity?
You feel clever.
Your demonic ancestry asserts itself...
Molten scales grow over part of your body.
The kobold hits you with a whip.
* * * LOW HITPOINT WARNING * * *
You take 4 damage, and have 1/28 hp.
MP restored: 3 Unknown command.
You hit the kobold.
You kill the kobold!
The goblin hits you but does no damage.
You slash the goblin!
You kill the goblin!
You closely miss the kobold. The kobold hits you with a whip.
You die...

#.######.# #..#
#g# #..# #.#
#(#### #K## #....#
...## #(##(##.#
....## #(#.....#
.....# ##(#)♣♣P♣♣
....##
############..#..
..♣ P..##
#..(...@Kw.#.##.♣
.♣ ♣.##
#.########...##.♣
.♣ ♣P..
#..###.♣♣♣.♣##.
♣♣PP♣
###K.#...........
.♣♣
#...K..#.##.####.
.♣
#####..(..(..##.#
PP
#............##.#
..
...###..w..#..##.#
#.....#..##.####.


You could see a dart slug and a kobold.

Vanquished Creatures
  A gnoll (D:1)
  A dart slug (D:1)
  A leopard gecko (D:1)
  2 goblins (D:1)
  2 hobgoblins (D:1)
  3 jackals (D:1)
  A frilled lizard (D:1)
  5 kobolds
  A rat (D:1)
17 creatures vanquished.

Notes
Turn   | Place    | Note
-------+----------+-------------------------------------------
     0 | D:1      | shakethe the Demonspawn Gladiator began the quest for the Orb.
     0 | D:1      | Reached XP level 1. HP: 16/16 MP: 1/1
    80 | D:1      | HP: 4/16 [jackal (3)]
    82 | D:1      | Reached skill level 3 in Axes
   353 | D:1      | HP: 1/17 [gnoll/enchanted halberd (11)]
   373 | D:2      | HP: 1/17 [kobold (1)]
   375 | D:2      | Gained mutation: You have a pair of small horns on your head. [demonic ancestry]
   375 | D:2      | Reached XP level 2. HP: 1/23 MP: 2/2
   961 | D:1      | HP: 5/23 [leopard gecko (2)]
   962 | D:1      | Gained mutation: You are partially covered in molten scales. (AC +2) [demonic ancestry]
   962 | D:1      | Reached XP level 3. HP: 6/28 MP: 3/3
   962 | D:1      | HP: 1/28 [kobold/whip (6)]
   965 | D:1      | Slain by a kobold

Skill      XL: |  1 |
---------------+----+-----
Axes           | 3 |  3.3
Fighting       | |  2.9
Throwing       | |  1.7
Dodging        | |  2.6

Action                   || total
-------------------------++-------
Melee: War axe           ||    53
       Headbutt          ||     3
 Stab: Sleeping          ||     1
Armor: Leather armour    ||    14
Dodge: Dodged            ||    39

Vault maps used:
D:1:      lightli_arrival_lavapool, serial_forest, infiniplex_forest_pool,
          infiniplex_forest_corner_1, infiniplex_forest_split,
          infiniplex_forest_clump_double, infiniplex_forest_lined_1,
          infiniplex_forest_lined_2, infiniplex_forest_clump_cross
D:2:      lemuel_coloured_pillars_altar, serial_forest,
          infiniplex_forest_clump_tiny, infiniplex_forest_join,
          infiniplex_forest_straight_4, infiniplex_forest_lined_room_3,
          infiniplex_forest_straight_2, infiniplex_forest_zigzag_2

Table legend:
 A = Turns spent in this place as a percentage of turns spent in the entire game.
 B = Non-inter-level travel turns spent in this place as a percentage of non-inter-level travel turns spent in the entire game.
 C = Inter-level travel turns spent in this place as a percentage of turns spent in this place.
 D = Turns resting spent in this place as a percentage of non-inter-level travel turns spent in this place.
 E = Turns spent auto-exploring this place as a percentage of non-inter-level travel turns spent in this place.
 F = Non-inter-level travel turns spent in this place divided by the number of levels of this place that you've seen.
                   A       B       C       D       E      F
               +-------+-------+-------+-------+-------+----------------------
         Total | 100.0 | 100.0 |   0.0 |  73.6 |  10.5 | 482.5
       Dungeon | 100.0 | 100.0 |   0.0 |  73.6 |  10.5 | 482.5
               +-------+-------+-------+-------+-------+----------------------

Table legend:
 A = Kills in this place as a percentage of kills in entire the game.
 B = Kills by you in this place as a percentage of kills by you in the entire game.
 C = Kills by friends in this place as a percentage of kills by friends in the entire game.
 D = Other kills in this place as a percentage of other kills in the entire game.
 E = Experience gained in this place as a percentage of experience gained in the entire game.
 F = Experience gained in this place divided by the number of levels of this place that you have seen.
                   A       B       C       D       E      F
               +-------+-------+-------+-------+-------+----------------------
         Total | 100.0 | 100.0 |   N/A |   N/A | 100.0 |  21.5
       Dungeon | 100.0 | 100.0 |   N/A |   N/A | 100.0 |  21.5
               +-------+-------+-------+-------+-------+----------------------
